AoeStats
← Shiverpops

Arena

510460311Analyzed
1v1 RM · 1d ago on Oct 1, 2026· 38m 37s· 2 players
Game mode
Random Map
Map size
Tiny (2 player)
Population
200
Speed
Normal
Resources
Standard
Victory
Conquest
Starting age
Dark Age
Ending age
Imperial Age
RankedLock teamsTeams togetherTeam positionsShared explorationLock speedFull tech treeHidden civsTurbo modeCheats
Victory
Defeat
🇦🇺 Mongols · Australia
995
+17
🇦🇷 Franks · Argentina
1006
-17
Shiverpops
11:12 Feudal Age
15:28 Castle Age
13:15 Horse Collar
13:26 Double-Bit Axe
16:55 Bow Saw
17:32 Heavy Plow
19:56 Gold Mining
21:10 Wheelbarrow
21:02 Stone Mining
22:35 Stone Shaft Mining
22:49 Gold Shaft Mining
23:26 Hand Cart
26:03 Fletching
26:23 Thumb Ring
26:27 Scale Barding Armor
27:09 Bloodlines
26:59 Husbandry
27:25 Bodkin Arrow
27:51 Chain Barding Armor
27:34 Padded Archer Armor
29:15 Ballistics
31:29 Imperial Age
30:05 Leather Archer Armor
29:56 Loom
31:41 Forging
31:47 Elite Mangudai
32:31 Bracer
33:35 Chemistry
32:35 Cavalier
34:45 Iron Casting
36:52 Blast Furnace
villagers-problems
10:42 Feudal Age
12:02 Wheelbarrow
11:14 Double-Bit Axe
18:47 Castle Age
17:00 Stone Mining
17:28 Gold Mining
19:49 Hand Cart
19:53 Bow Saw
20:22 Gold Shaft Mining
27:50 Imperial Age
27:58 Husbandry
28:06 Scale Barding Armor
28:11 Forging
27:26 Pikeman
28:07 Squires
28:10 Cavalier
30:32 Iron Casting
31:06 Chemistry
29:47 Treadmill Crane
30:29 Ballistics
30:19 Masonry
31:17 Fletching
31:27 Padded Archer Armor
31:52 Elite Skirmisher
32:34 Bodkin Arrow
32:54 Leather Archer Armor
32:40 Loom
33:21 Elite Throwing Axeman
33:50 Paladin
34:55 Chain Barding Armor
35:35 Blast Furnace
35:15 Architecture
35:15 Scale Mail Armor
38:09 Ordonnance Companies
Connection lost

Rejoining the realm…

Still unreachable

The connection could not be restored.

Session expired

The server has moved on; the page needs a fresh start.